 Dungeon Crawl Stone Soup version 0.30-a0-694-g3340775977 (webtiles) character file.

Game seed: 10046988133667362776

284 Fenrisus the Shooter (level 6, -7/43 HPs)
             Began as a Formicid Hunter on Jan 20, 2023.
             Was a Follower of Hepliaklqana.
             Killed from afar by an orc wizard (8 damage)
             ... with a magic dart
             ... on level 6 of the Dungeon.
             The game lasted 00:14:32 (2949 turns).

Fenrisus the Shooter (Formicid Hunter)              Turns: 2949, Time: 00:14:33

Health: -7/43      AC:  4    Str: 15    XL:     6   Next: 54%
Magic:  6/6        EV: 13    Int:  9    God:    Hepliaklqana [*.....]
Gold:   59         SH:  0    Dex: 19    Spells: 5/5 levels left

rFire   + . .      SeeInvis +    a - +0 shortbow (freeze)
rCold   + . .      Faith    .    (no shield)
rNeg    + . .      Spirit   .    c - +0 leather armour
rPois   .          Reflect  .    (helmet unavailable)
rElec   .          Harm     .    n - scarf {rC+ rF+}
rCorr   .          Rampage  .    m - +0 pair of gloves
Will    .....                    (no boots)
Stlth   +++                      i - amulet of the acrobat
HPRegen 0.27/turn                e - ring of positive energy
MPRegen 0.10/turn                (no ring)

@: lethally poisoned (-7 -> -12)
A: reduced essence, permanent stasis, dig shafts and tunnels, antennae 3, four
strong arms
a: Dig, Shaft Self, Renounce Religion, Recall Ancestor, Ancestor Identity


You were on level 6 of the Dungeon.
You worshipped Hepliaklqana.
Hepliaklqana was aware of your devotion.
You visited 2 branches of the dungeon, and saw 8 of its levels.

You collected 192 gold pieces.
You spent 133 gold pieces at shops.

Inventory:

Hand Weapons
 a - a +0 shortbow of freezing (weapon)
Armour
 c - a +0 leather armour (worn)
 m - a +0 pair of gloves (worn)
 n - a scarf of resistance (worn)
Jewellery
 e - a ring of positive energy (left hand)
 i - an amulet of the acrobat (around neck)
Scrolls
 b - a scroll of immolation
 g - 2 scrolls of amnesia (quivered) {unknown}
 k - a scroll of brand weapon
 p - 2 scrolls of identify
Potions
 f - a potion of flight {unknown}
 h - 2 potions of haste
 j - 2 potions of heal wounds {unknown}
 l - 3 potions of attraction
 o - a potion of lignification {unknown}


   Skills:
 + Level 3.9 Fighting
 + Level 5.0 Ranged Weapons
 + Level 3.2 Dodging
 + Level 4.1 Stealth


You had 5 spell levels left.
You didn't know any spells.
Your spell library contained the following spells:

 Spells                   Type           Power      Damage    Failure   Level
 Kiss of Death            Conj/Necr      0%         2d5       45%         1
 Confusing Touch          Hex            0%         N/A       83%         3
 Portal Projectile        Hex/Tloc       0%         N/A       83%         3
 Tukima's Dance           Hex            0%         N/A       83%         3
 Dispel Undead            Necr           0%         3d6       99%         4
 Blade Hands              Tmut           0%         N/A       100%        5


Dungeon Overview and Level Annotations

Branches:
Dungeon (7/15)             Temple (1/1) D:4

Altars:
Dithmenos
Fedhas
Gozag
Hepliaklqana
Kikubaaqudgha
Makhleb
Nemelex Xobeh
Sif Muna
Uskayaw
Vehumet
Xom
Yredelemnul
Zin
The Shining One

Shops:
D:3 ?   D:4 (!

Annotations:
D:2 1 runed translucent door, Crazy Yiuf
D:4 Duvessa


Innate Abilities, Weirdness & Mutations

Your life essence is reduced to manifest your ancestor. (-10% HP)
You cannot be hasted, slowed, berserked, paralysed or teleported.
You can dig through walls and to a lower floor.
You have a pair of large antennae on your head. (SInv)
Your four strong arms can wield two-handed weapons with a shield.


Message History

The orc wizard points at you and mumbles some strange words.
The puff of flame misses you.
The orc priest calls down the wrath of Beogh upon you.
Beogh smites you!
* * * LOW HITPOINT WARNING * * *
There is a stone staircase leading down here.
You feel better. The iguana bites you.
You feel better. The iguana bites you! The orc priest closely misses you.
The orc wizard closely misses you. The iguana closely misses you.
The orc priest hits you with a +0 club.
* * * LOW HITPOINT WARNING * * *
The orc wizard points at you and mumbles some strange words.
The magic dart hits you.
* * * LOW HITPOINT WARNING * * *
You climb downwards.
Found a stone staircase leading down.
There is a stone staircase leading up here.
You are too injured to fight recklessly!
You are too injured to fight recklessly!
You are too injured to fight recklessly!
You are too injured to fight recklessly!
You are too injured to fight recklessly!
The orc priest hits you with a +0 club.
* * * LOW HITPOINT WARNING * * *
The orc wizard hits you but does no damage.
You are lethally poisoned!
The iguana barely misses you.
You climb upwards.
* * * LOW HITPOINT WARNING * * *
You feel very sick.
There is a stone staircase leading down, spattered with blood here.
You are too injured to fight recklessly!
You shoot an arrow. The arrow hits the orc wizard.
The arrow freezes the orc wizard.
The orc wizard is moderately wounded.
* * * LOW HITPOINT WARNING * * *
You feel sick.
The orc wizard gestures at you while chanting.
The magic dart hits you!
You die...

. #.....## #.<... .. .
#......### ##..... .. #.
#..##...####...# ##'#
#.##.##..##........#########...
...............................
...............................
.......).....<.................
.......[>......l...............
.........[....@o...............
#.####..###.##o#########..##.##
#. #+## ####+# #..#### .....
....... .......


You could see an iguana, an orc priest and an orc wizard (invisible).

Vanquished Creatures
  A wight (D:7)
  Dowan (D:4)
  2 orc priests
  An orc wizard (D:6)
  3 adders
  2 worms
  2 dart slugs (D:1)
  7 orcs
  10 ball pythons
  4 bats
  4 endoplasms
  5 giant cockroaches
  8 goblins
  3 hobgoblins (D:2)
  2 jackals (D:1)
  2 kobolds
  4 frilled lizards
  3 rats
64 creatures vanquished.

Vanquished Creatures (others)
  3 withered plants (D:7)
3 creatures vanquished.

Grand Total: 67 creatures vanquished

Notes
Turn   | Place    | Note
-------+----------+-------------------------------------------
     0 | D:1      | Fenrisus the Formicid Hunter began the quest for the Orb.
     0 | D:1      | Reached XP level 1. HP: 16/16 MP: 1/1
    67 | D:1      | Reached XP level 2. HP: 23/23 MP: 2/2
   252 | D:1      | Reached XP level 3. HP: 28/28 MP: 3/3
   707 | D:2      | Reached XP level 4. HP: 34/34 MP: 4/4
  1152 | D:2      | Found a runed translucent door.
  1153 | D:2      | Noticed Crazy Yiuf
  1449 | D:3      | Found a shimmering altar of Xom.
  1453 | D:3      | Found a blossoming altar of Fedhas.
  1454 | D:3      | Found a hide-covered altar of Uskayaw.
  1455 | D:3      | Found a hazy altar of Hepliaklqana.
  1464 | D:3      | Became a worshipper of Hepliaklqana the Forgotten
  1604 | D:3      | Reached XP level 5. HP: 41/41 MP: 5/5
  1704 | D:3      | Found Hecvam's Magic Scroll Emporium.
  1785 | D:3      | Bought a scroll of brand weapon for 133 gold pieces
  2313 | D:4      | Found a staircase to the Ecumenical Temple.
  2322 | D:4      | Noticed Dowan
  2325 | D:4      | Noticed Duvessa
  2328 | D:4      | Killed Dowan
  2447 | Temple   | Entered the Ecumenical Temple
  2548 | D:4      | Found Ecloefin's Distillery.
  2645 | D:4      | Found Kiafifop's Antique Weapon Emporium.
  2717 | D:4      | Reached * piety under Hepliaklqana
  2758 | D:4      | You fall into a shaft and drop 3 floors!
  2780 | D:7      | Reached XP level 6. HP: 16/43 MP: 6/6
  2842 | D:7      | Reached skill level 5 in Ranged Weapons
  2842 | D:7      | Noticed a sky beast
  2934 | D:5      | Entered Level 5 of the Dungeon
  2949 | D:6      | HP: 1/43 [poisoned by an orc wizard]
  2949 | D:6      | Killed from afar by an orc wizard

Illustrated notes

Levels and vault maps discovered:
D:1:      minmay_arrival_stone_box, layout_rooms
D:2:      layout_loops_ring, hangedman_abyss_or_decor_stabs,
          uniq_crazy_yiuf_cottage
D:3:      layout_basic, mainiacjoe_overflow_alcove_3, serial_shops, shop
D:4:      layout_basic, minmay_temple_entry_slanted, serial_shops,
          nicolae_stop_n_shop_1, shop_fountains, nicolae_shop_advertising_works
          [nicolae_subvault_shop_adworks], shop_fountains,
          nicolae_shop_waterfront, uniq_duvessa
D:5:      layout_rooms, mainiacjoe_overflow_large_starburst,
          mainiacjoe_overflow_brackets, serial_shops, shop, chequers_big_river,
          minmay_fire_ice_demons
D:6:      layout_gridville, mainiacjoe_overflow_alcove_1,
          gammafunk_temple_overflow_claw, hangedman_abyss_or_decor_stagger,
          uniq_edmund
D:7:      layout_rooms, serial_undead, serial_undead_a, serial_undead_b,
          serial_undead_e, serial_undead_b, serial_undead_b, serial_undead_f,
          serial_undead_a, serial_undead_f, serial_undead_b, serial_undead_b,
          minmay_fractal_squares_5, uniq_maggie, uniq_menkaure, uniq_pikel
Temple:   hellmonk_temple_rainy

Skill      XL: |  1  2  3  4  5  6 |
---------------+-------------------+-----
Dodging        | 2 3 |  3.2
Stealth        | 2 3 4 |  4.1
Fighting       | 3 |  3.9
Ranged Weapons | 5 |  5.0

Action                   |  1- 3 |  4- 6 || total
-------------------------+-------+-------++-------
Melee: Shortbow          |       |     1 ||     1
 Fire: Shortbow          |    78 |    97 ||   175
  Use: Scroll            |       |     8 ||     8
       Potion            |       |     5 ||     5
Armor: Leather armour    |     1 |     9 ||    10
Dodge: Dodged            |    16 |    44 ||    60

Table legend: (Time is in decaauts)
 A = Elapsed time spent in this place.
 B = Non-inter-level travel time spent in this place.
 C = Inter-level travel time spent in this place.
 D = Time resting spent in this place.
 E = Time spent auto-exploring this place.
 F = Levels seen in this place.
 G = Mean time per level.
                   A        B        C        D        E       F      G
               +--------+--------+--------+--------+--------+-----+--------+
         Total |   3005 |   1211 |   1794 |    321 |    398 |   8 |  375.6 |
       Dungeon |   2971 |   1208 |   1763 |    321 |    398 |   7 |  424.4 |
        Temple |     33 |      2 |     31 |      0 |      0 |   1 |   33.0 |
               +--------+--------+--------+--------+--------+-----+--------+

Top non-repeatable levels by time:
     D:2: 914 daAuts
     D:3: 903 daAuts
     D:1: 521 daAuts
     D:4: 433 daAuts
     D:6: 106 daAuts
     D:7: 90 daAuts
  Temple: 33 daAuts
     D:5: 1 daAuts
